Little Stars vs Comets
(R1)
Created - June 15, 2022 at 21:20
Goals
|
| Little Stars |
1 |
1 |
3 |
1 |
6 |
| Comets |
3 |
0 |
2 |
0 |
5 |
|
Shots
|
| Little Stars |
6 |
8 |
9 |
5 |
28 |
| Comets |
10 |
9 |
12 |
0 |
31 |
|
1st period
1. Comets , Nathan Gerbe 16 (Unassisted) at 15:25 (PP)
2. Comets , Andrej Nestrasil 31 (Dennis Everberg 58, Taylor Beck 59) at 16:05 (SH)
3. Comets , Taylor Beck 40 (Dennis Everberg 59) at 16:17 (SH)
4. Little Stars , Anton Cederholm 6 (Tyler Wotherspoon 33) at 16:55 (PP)
Penalties :
Andrej Nestrasil (Uti) for Tripping (Minor) at 11:08, Daniel O'regan (Tex) for Hooking (Minor) at 15:02, Nathan Gerbe (Uti) for Interference (Minor) at 15:31
2nd period
5. Little Stars , Daniel O'regan 34 (Jordan LaVallee 61, Ilya Mikheyev 49) at 16:35
Penalties :
Ilya Mikheyev (Tex) for Roughing (Minor) at 1:16, Daniil Tarasov (Tex) for Hooking (Minor) at 5:54, Sami Niku (Uti) for Holding (Minor) at 10:46, Patrick Wey (Uti) for Roughing (Minor) at 14:29
3rd period
6. Little Stars , Sebastian Wannstrom 32 (Roman Horak 21) at 7:39
7. Comets , Dennis Everberg 42 (Patrick Wey 14, Taylor Beck 60) at 8:47
8. Little Stars , Joakim Nygard 18 (Henrik Borgstrom 36, Tucker Poolman 19) at 8:57
9. Little Stars , Daniel O'regan 35 (Anton Cederholm 35, Reece Willcox 21) at 10:26 (PP)
10. Comets , Nathan Gerbe 17 (Dennis Everberg 60, Patrick Wey 15) at 15:13
Penalties :
Juuso Riikola (Uti) for Hooking (Minor) at 9:16
Overtime #1
11. Little Stars , Joakim Nygard 19 (Daniel O'regan 79, Reece Willcox 22) at 0:58
Penalties :
No Penalty
Goalie Stats
Connor Knapp (Tex), 26 saves from 31 shots - (0.839), W, 22-19-4, 60:58 minutes
Alexandar Georgiev (Uti), 22 saves from 28 shots - (0.786), OTL, 30-14-10, 60:58 minutes
Players Stats for Little Stars
Player Name G A P +/- PIM S H SB GA TA FO MP PP MP PK MP
------------------------------------------------------------------------------------
Adam Tambellini 0 0 0 0 0 1 1 0 0 0 0/0 14:02 0:22 1:13
Anton Cederholm 1 1 2 -2 0 3 4 2 2 2 0/0 31:40 5:16 2:32
Daniel O'regan 2 1 3 0 2 5 1 1 1 1 16/34 24:12 5:24 1:26
Daniil Tarasov 0 0 0 0 2 0 1 0 0 0 0/0 5:39 0:20 0:00
Eric Knodel 0 0 0 0 0 0 0 1 0 0 0/0 5:13 1:02 0:00
Henrik Borgstrom 0 1 1 -1 0 5 4 1 2 0 3/6 14:54 3:03 0:00
Ilya Mikheyev 0 1 1 -1 2 0 4 1 0 0 2/3 24:51 5:08 1:19
Jason Dickinson 0 0 0 0 0 0 0 0 0 0 2/3 10:08 0:03 0:00
Joakim Nygard 2 0 2 0 0 7 1 0 0 1 1/2 16:44 3:03 1:16
Jordan LaVallee 0 1 1 -1 0 2 2 1 0 0 2/5 24:56 5:08 2:17
Michael Mersch 0 0 0 1 0 0 1 0 0 0 1/1 8:59 0:20 0:00
Reece Willcox 0 2 2 1 0 0 1 1 1 0 0/0 20:39 2:14 2:25
Roman Horak 0 1 1 1 0 1 0 1 0 0 4/5 8:13 0:00 0:00
Sebastian Wannstrom 1 0 1 1 0 1 2 0 1 0 1/1 12:01 0:00 1:11
Tucker Poolman 0 1 1 1 0 0 0 1 0 1 0/0 17:50 1:47 0:00
Tyler Wotherspoon 0 1 1 -2 0 0 1 2 0 1 0/0 31:03 5:56 1:56
Ville Pokka 0 0 0 2 0 0 2 0 0 1 0/0 13:24 0:26 1:49
Zach Budish 0 0 0 -1 0 3 1 1 1 0 1/1 15:00 3:03 0:00
Players Stats for Comets
Player Name G A P +/- PIM S H SB GA TA FO MP PP MP PK MP
------------------------------------------------------------------------------------
Andrej Nestrasil 1 0 1 -1 2 4 2 0 1 1 7/12 17:14 1:57 2:10
Anton Karlsson 0 0 0 -1 0 0 0 0 0 0 0/1 1:49 0:22 0:38
Anton Zlobin 0 0 0 0 0 0 1 0 0 0 0/1 7:00 0:00 0:00
Axel Holmstrom 0 0 0 -1 0 2 2 0 0 0 3/6 10:55 0:00 0:13
Dennis Everberg 1 3 4 2 0 6 2 0 0 0 2/3 24:52 2:12 5:06
Jordan Gross 0 0 0 -1 0 0 0 0 0 0 0/0 14:59 0:00 2:27
Joshua Leivo 0 0 0 -1 0 2 2 0 0 0 0/0 14:35 1:57 0:00
Juho Lammikko 0 0 0 -1 0 2 2 0 0 0 0/1 10:19 0:00 0:00
Juuso Riikola 0 0 0 3 2 1 2 0 1 0 0/0 27:29 2:57 4:31
Kurtis Macdermid 0 0 0 0 0 0 4 0 0 0 0/0 6:55 0:00 0:00
Mackenzie MacEachern 0 0 0 -1 0 1 1 1 2 0 0/0 10:19 0:00 0:00
Nathan Gerbe 2 0 2 1 2 4 4 1 1 1 6/23 20:44 2:13 2:04
Oliver Kylington 0 0 0 -2 0 0 0 1 0 1 0/0 20:20 1:24 3:24
Oskar Steen 0 0 0 0 0 0 0 0 0 0 0/0 0:00 0:00 0:00
Patrick Wey 0 2 2 2 2 2 3 1 1 1 0/0 26:59 2:57 3:54
Phil Di Giuseppe 0 0 0 -1 0 0 1 0 1 0 1/1 14:35 1:57 0:00
Rasmus Asplund 0 0 0 0 0 0 0 0 0 0 0/0 0:00 0:00 0:00
Sami Niku 0 0 0 -2 2 2 1 1 0 1 0/0 19:33 1:24 2:38
Taylor Beck 1 2 3 3 0 3 1 1 0 3 8/12 24:11 2:12 5:01
Taylor Leier 0 0 0 1 0 0 0 0 0 0 0/0 2:15 0:00 1:50
Thomas DiPauli 0 0 0 0 0 0 0 0 0 0 0/0 0:00 0:00 0:00
Tyler Graovac 0 0 0 0 0 2 0 0 0 0 1/1 6:55 0:00 0:00
William Lagesson 0 0 0 -1 0 0 0 0 0 0 0/0 12:42 0:00 0:08
William Lockwood 0 0 0 0 0 0 0 0 0 0 0/0 0:35 0:12 0:00
3 Stars
1 - Dennis Everberg (Uti)
2 - Taylor Beck (Uti)
3 - Daniel O'regan (Tex)
Power Play
Little Stars - 2 on 5 Attempt(s) - 40.00%
Comets - 1 on 3 Attempt(s) - 33.33%
Penalty Kill
Little Stars - 2 on 3 Attempt(s) - 66.67%
- Score 0 goal in Penalty Kill
Comets - 3 on 5 Attempt(s) - 60.00%
- Score 2 goal in Penalty Kill
Team Stat
Little Stars - Hits : 26 - Faceoff Wins : 33 - Blocked Shots : 13 - Penalty Minutes : 6
Comets - Hits : 28 - Faceoff Wins : 28 - Blocked Shots : 6 - Penalty Minutes : 10
Official
Referees : Steve Kozari and Dan O'Rourke
Linesman : Trent Knorr and Mark Shewchyk
Game Notes
Eric Knodel is injured at 14:49 of 1st period (Bruised Left Shoulder)
15:25 of 1st period - Penalty Shot by Nathan Gerbe for Comets - Goal!
Daniil Tarasov is injured at 14:14 of 2nd period (Left Foot)
Finance
Level 1 -- Attendance: 1921 (96.05%) -- Ticket Income $67,235
Level 2 -- Attendance: 954 (95.40%) -- Ticket Income $14,310
Total Attendance: 2875 (95.83%)
Total Ticket Income: $81,545
Other Income: $4,077
Total Income: $85,622
Little Stars
5 vs 5 Forward
Center Left Wing Right Wing Time % Phy DF OF
1 Daniel O'regan Jordan LaVallee Ilya Mikheyev 40 1 2 2
2 Henrik Borgstrom Joakim Nygard Zach Budish 30 1 2 2
3 Jason Dickinson Adam Tambellini Sebastian Wannstrom 20 1 2 2
4 Roman Horak Michael Mersch Daniil Tarasov 10 1 2 2
5 vs 5 Defense
Defense Defense Time % Phy DF OF
1 Tyler Wotherspoon Anton Cederholm 40 1 2 2
2 Eric Knodel Reece Willcox 30 1 2 2
3 Tucker Poolman Ville Pokka 20 1 2 2
4 Tyler Wotherspoon Anton Cederholm 10 1 2 2
PowerPlay Forward
Center Left Wing Right Wing Time % Phy DF OF
1 Daniel O'regan Jordan LaVallee Ilya Mikheyev 60 1 2 2
2 Henrik Borgstrom Joakim Nygard Zach Budish 40 1 2 2
PowerPlay Defense
Defense Defense Time % Phy DF OF
1 Tyler Wotherspoon Anton Cederholm 60 1 2 2
2 Eric Knodel Reece Willcox 40 1 2 2
Penalty Kill 4 Players Forward
Center Wing Time % Phy DF OF
1 Jordan LaVallee Ilya Mikheyev 60 1 2 2
2 Joakim Nygard Daniel O'regan 40 1 2 2
Penalty Kill 4 Players Defense
Defense Defense Time % Phy DF OF
1 Tyler Wotherspoon Anton Cederholm 60 1 2 2
2 Eric Knodel Reece Willcox 40 1 2 2
Penalty Kill - 3 Players Forward
Forward Time % Phy DF OF
1 Jordan LaVallee 60 1 2 2
2 Ilya Mikheyev 40 1 2 2
Penalty Kill - 3 Players Defense
Defense Defense Time % Phy DF OF
1 Tyler Wotherspoon Anton Cederholm 60 1 2 2
2 Eric Knodel Reece Willcox 40 1 2 2
4 vs 4 Forward
Center Wing Time % Phy DF OF
1 Jordan LaVallee Ilya Mikheyev 60 1 2 2
2 Joakim Nygard Daniel O'regan 40 1 2 2
4 vs 4 Defense
Defense Defense Time % Phy DF OF
1 Tyler Wotherspoon Anton Cederholm 60 1 2 2
2 Eric Knodel Reece Willcox 40 1 2 2
Last Minutes Offensive
Center Left Wing Right Wing Defense Defense
Daniel O'regan Jordan LaVallee Ilya Mikheyev Tyler Wotherspoon Anton Cederholm
Last Minutes Defensive
Center Left Wing Right Wing Defense Defense
Daniel O'regan Jordan LaVallee Ilya Mikheyev Tyler Wotherspoon Anton Cederholm
Goaltenders
Starting : Connor Knapp
Backup : Dustin Tokarski
Extra Forwards
Normal : Adam Tambellini, Michael Mersch, Sebastian Wannstrom - PP : Adam Tambellini, Michael Mersch - PK : Sebastian Wannstrom
Extra Defensemen
Normal : Tucker Poolman, Ville Pokka, Eric Knodel - PP : Tucker Poolman - PK : Ville Pokka, Eric Knodel
Penalty Shots
Jordan LaVallee, Ilya Mikheyev, Joakim Nygard, Daniel O'regan, Adam Tambellini
Scratches
Emile Poirier (Healthy), Jean-Christophe Beaudin (Healthy), Justin Auger (Healthy), Lawrence Pilut (Healthy), Radel Fazleev (Healthy)
Rudolfs Balcers (Healthy), Shane Gersich (Healthy), Yakov Trenin (Healthy), Frederic Allard (Healthy), Matt Luff (Healthy)
Joey Anderson (Healthy), Jonathan Dahlen (Healthy), Givani Smith (Healthy)
Comets
5 vs 5 Forward
Center Left Wing Right Wing Time % Phy DF OF
1 Nathan Gerbe Taylor Beck Dennis Everberg 40 1 2 2
2 Andrej Nestrasil Phil Di Giuseppe Joshua Leivo 30 1 2 2
3 Axel Holmstrom Mackenzie MacEachern Juho Lammikko 20 1 2 2
4 Tyler Graovac Kurtis Macdermid Anton Zlobin 10 1 2 2
5 vs 5 Defense
Defense Defense Time % Phy DF OF
1 Patrick Wey Juuso Riikola 40 1 2 2
2 Oliver Kylington Sami Niku 30 1 2 2
3 William Lagesson Jordan Gross 20 1 2 2
4 Patrick Wey Juuso Riikola 10 1 2 2
PowerPlay Forward
Center Left Wing Right Wing Time % Phy DF OF
1 Nathan Gerbe Taylor Beck Dennis Everberg 60 1 2 2
2 Andrej Nestrasil Phil Di Giuseppe Joshua Leivo 40 1 2 2
PowerPlay Defense
Defense Defense Time % Phy DF OF
1 Patrick Wey Juuso Riikola 60 1 2 2
2 Oliver Kylington Sami Niku 40 1 2 2
Penalty Kill 4 Players Forward
Center Wing Time % Phy DF OF
1 Taylor Beck Dennis Everberg 60 1 2 2
2 Nathan Gerbe Andrej Nestrasil 40 1 2 2
Penalty Kill 4 Players Defense
Defense Defense Time % Phy DF OF
1 Patrick Wey Juuso Riikola 60 1 2 2
2 Oliver Kylington Sami Niku 40 1 2 2
Penalty Kill - 3 Players Forward
Forward Time % Phy DF OF
1 Taylor Beck 60 1 2 2
2 Dennis Everberg 40 1 2 2
Penalty Kill - 3 Players Defense
Defense Defense Time % Phy DF OF
1 Patrick Wey Juuso Riikola 60 1 2 2
2 Oliver Kylington Sami Niku 40 1 2 2
4 vs 4 Forward
Center Wing Time % Phy DF OF
1 Taylor Beck Dennis Everberg 60 1 2 2
2 Nathan Gerbe Andrej Nestrasil 40 1 2 2
4 vs 4 Defense
Defense Defense Time % Phy DF OF
1 Patrick Wey Juuso Riikola 60 1 2 2
2 Oliver Kylington Sami Niku 40 1 2 2
Last Minutes Offensive
Center Left Wing Right Wing Defense Defense
Nathan Gerbe Taylor Beck Dennis Everberg Patrick Wey Juuso Riikola
Last Minutes Defensive
Center Left Wing Right Wing Defense Defense
Nathan Gerbe Taylor Beck Dennis Everberg Patrick Wey Juuso Riikola
Goaltenders
Starting : Alexandar Georgiev
Backup : Thatcher Demko
Extra Forwards
Normal : Anton Karlsson, William Lockwood, Taylor Leier - PP : Anton Karlsson, William Lockwood - PK : Taylor Leier
Extra Defensemen
Normal : William Lagesson, Jordan Gross, Oliver Kylington - PP : William Lagesson - PK : Jordan Gross, Oliver Kylington
Penalty Shots
Taylor Beck, Dennis Everberg, Nathan Gerbe, Andrej Nestrasil, Joshua Leivo
Scratches
Jeremy Roy (Healthy), Nicolas Petan (Torso Injury), Dan Renouf (Broken Bone (Right Arm) Injury), Dmitry Sokolov (Healthy), Marek Langhamer (Healthy)
% Time on Ice - Little Stars
Lines # - Real PCT - Wanted PCT - Time Play
Normal Forward
1 - 37% - 40% - 17:21
2 - 25% - 30% - 11:51
3 - 21% - 20% - 9:43
4 - 17% - 10% - 8:13
Normal Defense
1 - 41% - 40% - 19:13
2 - 36% - 30% - 17:03
3 - 19% - 20% - 8:51
4 - 4% - 10% - 2:01
PP Forward
1 - 64% - 60% - 5:28
2 - 36% - 40% - 3:03
PP Defense
1 - 62% - 60% - 5:16
2 - 38% - 40% - 3:15
PK Forward
1 - 84% - 60% - 3:40
2 - 16% - 40% - 0:41
PK Defense
1 - 44% - 60% - 1:56
2 - 56% - 40% - 2:25
PK3 Forward
1 - 0% - 60%
2 - 0% - 40%
PK3 Defense
1 - 0% - 60%
2 - 0% - 40%
44 Forward
1 - 64% - 60% - 0:37
2 - 36% - 40% - 0:21
44 Defense
1 - 74% - 60% - 0:43
2 - 26% - 40% - 0:15
Last Minute Offensive - 0:00
Last Minute Defensive - 0:00
Total
Forward - 60:58
Defense - 60:58
|
% Time on Ice - Comets
Lines # - Real PCT - Wanted PCT - Time Play
Normal Forward
1 - 36% - 40% - 17:09
2 - 27% - 30% - 12:45
3 - 22% - 20% - 10:19
4 - 15% - 10% - 6:55
Normal Defense
1 - 39% - 40% - 18:32
2 - 32% - 30% - 15:01
3 - 27% - 20% - 12:32
4 - 2% - 10% - 1:03
PP Forward
1 - 55% - 60% - 2:24
2 - 45% - 40% - 1:57
PP Defense
1 - 68% - 60% - 2:57
2 - 32% - 40% - 1:24
PK Forward
1 - 71% - 60% - 6:01
2 - 29% - 40% - 2:30
PK Defense
1 - 62% - 60% - 5:17
2 - 38% - 40% - 3:14
PK3 Forward
1 - 0% - 60%
2 - 0% - 40%
PK3 Defense
1 - 0% - 60%
2 - 0% - 40%
44 Forward
1 - 100% - 60% - 0:58
2 - 0% - 40% - 0:00
44 Defense
1 - 59% - 60% - 0:34
2 - 41% - 40% - 0:24
Last Minute Offensive - 0:00
Last Minute Defensive - 0:00
Total
Forward - 60:58
Defense - 60:58
|
Play-by-Play
1st period
0:01 of 1st period - Daniel O'regan wins face-off versus Nathan Gerbe in neutral zone.
0:26 of 1st period - Patrick Wey is hit by Anton Cederholm and loses puck.
1:20 of 1st period - Snap shot by Dennis Everberg.
1:20 of 1st period - Shot Misses the Net.
1:38 of 1st period - Ilya Mikheyev is hit by Kurtis Macdermid and loses puck.
2:09 of 1st period - Slapshot by Zach Budish.
2:09 of 1st period - Stopped by Alexandar Georgiev without a rebound.
2:10 of 1st period - Axel Holmstrom wins face-off versus Roman Horak in Comets zone.
2:37 of 1st period - Nathan Gerbe is hit by Daniel O'regan and loses puck.
2:58 of 1st period - Slapshot by Henrik Borgstrom.
2:58 of 1st period - Stopped by Alexandar Georgiev with a rebound.
3:39 of 1st period - Wrist shot by Mackenzie MacEachern.
3:39 of 1st period - Shot Blocked by Roman Horak.
3:41 of 1st period - Slapshot by Juuso Riikola.
3:41 of 1st period - Stopped by Connor Knapp with a rebound.
3:45 of 1st period - Wrist shot by Juho Lammikko.
3:45 of 1st period - Shot Misses the Net.
3:47 of 1st period - Snap shot by Mackenzie MacEachern.
3:47 of 1st period - Shot Blocked by Eric Knodel.
4:49 of 1st period - Joshua Leivo is hit by Anton Cederholm and loses puck.
5:05 of 1st period - Oliver Kylington is hit by Jordan LaVallee and loses puck.
5:44 of 1st period - Patrick Wey is hit by Henrik Borgstrom and loses puck.
6:04 of 1st period - William Lagesson is hit by Jordan LaVallee and loses puck.
6:25 of 1st period - Eric Knodel is hit by Juuso Riikola and loses puck.
6:44 of 1st period - Eric Knodel is hit by Patrick Wey and loses puck.
7:11 of 1st period - Wrist shot by Joakim Nygard.
7:11 of 1st period - Stopped by Alexandar Georgiev with a rebound.
7:24 of 1st period - Off-side.
7:25 of 1st period - Daniel O'regan wins face-off versus Axel Holmstrom in neutral zone.
7:48 of 1st period - Icing by Tyler Wotherspoon.
7:49 of 1st period - Daniel O'regan wins face-off versus Nathan Gerbe in Little Stars zone.
8:04 of 1st period - Snap shot by Dennis Everberg.
8:04 of 1st period - Stopped by Connor Knapp with a rebound.
8:06 of 1st period - Snap shot by Taylor Beck.
8:06 of 1st period - Stopped by Connor Knapp without a rebound.
8:07 of 1st period - Andrej Nestrasil wins face-off versus Jordan LaVallee in Little Stars zone.
8:12 of 1st period - Wrist shot by Joshua Leivo.
8:12 of 1st period - Stopped by Connor Knapp without a rebound.
8:13 of 1st period - Andrej Nestrasil wins face-off versus Daniel O'regan in Little Stars zone.
8:14 of 1st period - Wrist shot by Joshua Leivo.
8:14 of 1st period - Deflect By Reece Willcox.
8:14 of 1st period - Shot Blocked by Reece Willcox.
8:14 of 1st period - Puck is out of play.
8:15 of 1st period - Andrej Nestrasil wins face-off versus Daniel O'regan in Little Stars zone.
8:22 of 1st period - Wrist shot by Andrej Nestrasil.
8:22 of 1st period - Stopped by Connor Knapp without a rebound.
8:23 of 1st period - Daniel O'regan wins face-off versus Nathan Gerbe in Little Stars zone.
8:23 of 1st period - Daniel O'regan is hit by Dennis Everberg.
8:39 of 1st period - Wrist shot by Jordan LaVallee.
8:39 of 1st period - Deflect By Daniel O'regan.
8:39 of 1st period - Shot Misses the Net.
8:39 of 1st period - Puck is out of play.
8:40 of 1st period - Andrej Nestrasil wins face-off versus Joakim Nygard in Comets zone.
9:49 of 1st period - Ville Pokka is hit by Kurtis Macdermid and loses puck.
10:19 of 1st period - Slapshot by Dennis Everberg.
10:19 of 1st period - Shot Misses the Net.
10:21 of 1st period - Snap shot by Dennis Everberg.
10:21 of 1st period - Stopped by Connor Knapp without a rebound.
10:22 of 1st period - Daniel O'regan wins face-off versus Nathan Gerbe in Little Stars zone.
10:22 of 1st period - Daniel O'regan is hit by Nathan Gerbe.
11:08 of 1st period - Minor Penalty to Andrej Nestrasil for Tripping.
11:09 of 1st period - Taylor Beck wins face-off versus Jordan LaVallee in Comets zone.
11:34 of 1st period - Sami Niku is hit by Henrik Borgstrom and loses puck.
11:41 of 1st period - Snap shot by Henrik Borgstrom.
11:41 of 1st period - Stopped by Alexandar Georgiev without a rebound.
11:42 of 1st period - Taylor Beck wins face-off versus Daniel O'regan in Comets zone.
12:23 of 1st period - Oliver Kylington is hit by Ilya Mikheyev and loses puck.
12:34 of 1st period - Wrist shot by Henrik Borgstrom.
12:34 of 1st period - Shot Misses the Net.
13:08 of 1st period - Penalty to Andrej Nestrasil is over, Andrej Nestrasil is back on ice.
13:25 of 1st period - Dennis Everberg is hit by Sebastian Wannstrom and loses puck.
14:48 of 1st period - Eric Knodel is hit by Nathan Gerbe and loses puck.
14:49 of 1st period - Eric Knodel from Little Stars is injured at 14:49 of 1st period (Bruised Left Shoulder).
14:50 of 1st period - Daniel O'regan wins face-off versus Nathan Gerbe in Little Stars zone.
14:57 of 1st period - Wrist shot by Jordan LaVallee.
14:57 of 1st period - Stopped by Alexandar Georgiev with a rebound.
15:02 of 1st period - Minor Penalty to Daniel O'regan for Hooking.
15:03 of 1st period - Jordan LaVallee wins face-off versus Nathan Gerbe in Little Stars zone.
15:25 of 1st period - Penalty Shot by Nathan Gerbe for Comets.
15:25 of 1st period - Wrist shot by Nathan Gerbe.
15:25 of 1st period - Goal by Nathan Gerbe - Little Stars : 0 - Comets : 1.
15:26 of 1st period - Daniel O'regan wins face-off versus Nathan Gerbe in neutral zone.
15:27 of 1st period - Daniel O'regan wins face-off versus Nathan Gerbe in Comets zone.
15:31 of 1st period - Minor Penalty to Nathan Gerbe for Interference.
15:32 of 1st period - Daniel O'regan wins face-off versus Taylor Beck in Comets zone.
15:42 of 1st period - Taylor Beck is hit by Anton Cederholm and loses puck.
16:03 of 1st period - Snap shot by Dennis Everberg.
16:03 of 1st period - Shot Misses the Net.
16:05 of 1st period - Wrist shot by Andrej Nestrasil.
16:05 of 1st period - Goal by Andrej Nestrasil - Little Stars : 0 - Comets : 2.
16:06 of 1st period - Taylor Beck wins face-off versus Daniel O'regan in neutral zone.
16:11 of 1st period - Wrist shot by Dennis Everberg.
16:11 of 1st period - Shot Misses the Net.
16:13 of 1st period - Wrist shot by Dennis Everberg.
16:13 of 1st period - Deflect By Taylor Beck.
16:13 of 1st period - Shot Misses the Net.
16:13 of 1st period - Puck is out of play.
16:14 of 1st period - Taylor Beck wins face-off versus Daniel O'regan in Little Stars zone.
16:15 of 1st period - Snap shot by Dennis Everberg.
16:15 of 1st period - Stopped by Connor Knapp with a rebound.
16:17 of 1st period - Snap shot by Taylor Beck.
16:17 of 1st period - Goal by Taylor Beck - Little Stars : 0 - Comets : 3.
16:18 of 1st period - Daniel O'regan wins face-off versus Taylor Beck in neutral zone.
16:55 of 1st period - Slapshot by Anton Cederholm.
16:55 of 1st period - Deflect By Oliver Kylington.
16:55 of 1st period - Goal by Anton Cederholm - Little Stars : 1 - Comets : 3.
16:56 of 1st period - Daniel O'regan wins face-off versus Nathan Gerbe in neutral zone.
17:07 of 1st period - Tyler Wotherspoon is hit by Patrick Wey and loses puck.
17:22 of 1st period - Anton Cederholm is hit by Juho Lammikko and loses puck.
17:35 of 1st period - Wrist shot by Juho Lammikko.
17:35 of 1st period - Shot Misses the Net.
18:44 of 1st period - Henrik Borgstrom is hit by Patrick Wey and loses puck.
18:49 of 1st period - Wrist shot by Tyler Graovac.
18:49 of 1st period - Stopped by Connor Knapp without a rebound.
18:50 of 1st period - Jason Dickinson wins face-off versus Nathan Gerbe in Little Stars zone.
19:27 of 1st period - Andrej Nestrasil is hit by Henrik Borgstrom and loses puck.
Goals for this period are 1 for Little Stars vs 3 for Comets.
Shots for this period are 6 for Little Stars vs 10 for Comets.
2nd period
0:01 of 2nd period - Ilya Mikheyev wins face-off versus Nathan Gerbe in neutral zone.
0:26 of 2nd period - Taylor Beck is hit by Adam Tambellini and loses puck.
0:47 of 2nd period - Slapshot by Dennis Everberg.
0:47 of 2nd period - Shot Misses the Net.
1:01 of 2nd period - Snap shot by Dennis Everberg.
1:01 of 2nd period - Stopped by Connor Knapp with a rebound.
1:03 of 2nd period - Wrist shot by Taylor Beck.
1:03 of 2nd period - Shot Misses the Net.
1:11 of 2nd period - Slapshot by Taylor Beck.
1:11 of 2nd period - Deflect By Nathan Gerbe.
1:11 of 2nd period - Shot Misses the Net.
1:11 of 2nd period - Puck is out of play.
1:12 of 2nd period - Andrej Nestrasil wins face-off versus Daniel O'regan in Little Stars zone.
1:16 of 2nd period - Minor Penalty to Ilya Mikheyev for Roughing.
1:17 of 2nd period - Sebastian Wannstrom wins face-off versus Andrej Nestrasil in Little Stars zone.
1:39 of 2nd period - Jordan LaVallee is hit by Andrej Nestrasil and loses puck.
3:16 of 2nd period - Penalty to Ilya Mikheyev is over, Ilya Mikheyev is back on ice.
3:45 of 2nd period - Snap shot by Henrik Borgstrom.
3:45 of 2nd period - Stopped by Alexandar Georgiev with a rebound.
5:47 of 2nd period - Michael Mersch is hit by Anton Zlobin and loses puck.
5:54 of 2nd period - Minor Penalty to Daniil Tarasov for Hooking.
5:55 of 2nd period - Nathan Gerbe wins face-off versus Jordan LaVallee in Little Stars zone.
6:26 of 2nd period - Slapshot by Juuso Riikola.
6:26 of 2nd period - Shot Misses the Net.
7:46 of 2nd period - Snap shot by Adam Tambellini.
7:46 of 2nd period - Shot Misses the Net.
7:54 of 2nd period - Penalty to Daniil Tarasov is over, Daniil Tarasov is back on ice.
8:02 of 2nd period - Snap shot by Roman Horak.
8:02 of 2nd period - Stopped by Alexandar Georgiev without a rebound.
8:03 of 2nd period - Roman Horak wins face-off versus Axel Holmstrom in Comets zone.
8:12 of 2nd period - Slapshot by Juho Lammikko.
8:12 of 2nd period - Stopped by Connor Knapp with a rebound.
8:14 of 2nd period - Slapshot by Juho Lammikko.
8:14 of 2nd period - Stopped by Connor Knapp with a rebound.
8:16 of 2nd period - Slapshot by Jordan Gross.
8:16 of 2nd period - Deflect By Mackenzie MacEachern.
8:16 of 2nd period - Stopped by Connor Knapp with a rebound.
8:18 of 2nd period - Snap shot by Axel Holmstrom.
8:18 of 2nd period - Stopped by Connor Knapp without a rebound.
8:19 of 2nd period - Phil Di Giuseppe wins face-off versus Daniel O'regan in Little Stars zone.
8:44 of 2nd period - Nathan Gerbe is hit by Tyler Wotherspoon and loses puck.
8:53 of 2nd period - Snap shot by Joakim Nygard.
8:53 of 2nd period - Stopped by Alexandar Georgiev with a rebound.
8:55 of 2nd period - Snap shot by Henrik Borgstrom.
8:55 of 2nd period - Stopped by Alexandar Georgiev with a rebound.
8:57 of 2nd period - Snap shot by Zach Budish.
8:57 of 2nd period - Stopped by Alexandar Georgiev with a rebound.
9:27 of 2nd period - Patrick Wey is hit by Daniil Tarasov and loses puck.
10:03 of 2nd period - Icing by Jordan LaVallee.
10:04 of 2nd period - Daniel O'regan wins face-off versus Nathan Gerbe in Little Stars zone.
10:46 of 2nd period - Minor Penalty to Sami Niku for Holding.
10:47 of 2nd period - Taylor Beck wins face-off versus Henrik Borgstrom in Comets zone.
10:47 of 2nd period - Taylor Beck is hit by Joakim Nygard.
12:19 of 2nd period - Juuso Riikola is hit by Michael Mersch.
12:46 of 2nd period - Penalty to Sami Niku is over, Sami Niku is back on ice.
12:53 of 2nd period - Jason Dickinson is hit by Sami Niku and loses puck.
13:29 of 2nd period - Reece Willcox is hit by Phil Di Giuseppe and loses puck.
13:48 of 2nd period - Ville Pokka is hit by Juho Lammikko and loses puck.
14:03 of 2nd period - Wrist shot by Taylor Beck.
14:03 of 2nd period - Shot Misses the Net.
14:13 of 2nd period - Daniil Tarasov is hit by Joshua Leivo and loses puck.
14:14 of 2nd period - Daniil Tarasov from Little Stars is injured at 14:14 of 2nd period (Left Foot).
14:15 of 2nd period - Nathan Gerbe wins face-off versus Daniel O'regan in Little Stars zone.
14:22 of 2nd period - Snap shot by Taylor Beck.
14:22 of 2nd period - Shot Misses the Net.
14:29 of 2nd period - Minor Penalty to Patrick Wey for Roughing.
14:30 of 2nd period - Taylor Beck wins face-off versus Daniel O'regan in Comets zone.
14:39 of 2nd period - Off-side.
14:40 of 2nd period - Ilya Mikheyev wins face-off versus Taylor Beck in neutral zone.
14:45 of 2nd period - Jordan Gross is hit by Anton Cederholm and loses puck.
15:00 of 2nd period - Jordan Gross is hit by Ilya Mikheyev and loses puck.
15:56 of 2nd period - Nathan Gerbe is hit by Ilya Mikheyev and loses puck.
16:29 of 2nd period - Penalty to Patrick Wey is over, Patrick Wey is back on ice.
16:35 of 2nd period - Backhand shot by Jordan LaVallee.
16:35 of 2nd period - Deflect By Daniel O'regan.
16:35 of 2nd period - Goal by Daniel O'regan - Little Stars : 2 - Comets : 3.
16:36 of 2nd period - Zach Budish wins face-off versus Nathan Gerbe in neutral zone.
17:03 of 2nd period - Sebastian Wannstrom is hit by Andrej Nestrasil and loses puck.
17:20 of 2nd period - Slapshot by Sami Niku.
17:20 of 2nd period - Stopped by Connor Knapp without a rebound.
17:21 of 2nd period - Michael Mersch wins face-off versus Juho Lammikko in Little Stars zone.
17:21 of 2nd period - Michael Mersch is hit by Axel Holmstrom.
17:47 of 2nd period - Snap shot by Joakim Nygard.
17:47 of 2nd period - Stopped by Alexandar Georgiev with a rebound.
18:07 of 2nd period - Wrist shot by Michael Mersch.
18:07 of 2nd period - Deflect By Adam Tambellini.
18:07 of 2nd period - Stopped by Alexandar Georgiev without a rebound.
18:08 of 2nd period - Roman Horak wins face-off versus Andrej Nestrasil in Comets zone.
18:45 of 2nd period - Snap shot by Nathan Gerbe.
18:45 of 2nd period - Shot Blocked by Zach Budish.
18:55 of 2nd period - Snap shot by Patrick Wey.
18:55 of 2nd period - Shot Misses the Net.
18:57 of 2nd period - Snap shot by Axel Holmstrom.
18:57 of 2nd period - Shot Misses the Net.
18:59 of 2nd period - Backhand shot by Axel Holmstrom.
18:59 of 2nd period - Stopped by Connor Knapp with a rebound.
19:01 of 2nd period - Slapshot by Patrick Wey.
19:01 of 2nd period - Stopped by Connor Knapp without a rebound.
19:02 of 2nd period - Andrej Nestrasil wins face-off versus Daniel O'regan in Little Stars zone.
19:11 of 2nd period - Snap shot by Ilya Mikheyev.
19:11 of 2nd period - Shot Blocked by Patrick Wey.
19:13 of 2nd period - Slapshot by Daniel O'regan.
19:13 of 2nd period - Shot Misses the Net.
19:38 of 2nd period - Slapshot by Joakim Nygard.
19:38 of 2nd period - Deflect By Zach Budish.
19:38 of 2nd period - Shot Misses the Net.
19:38 of 2nd period - Puck is out of play.
19:39 of 2nd period - Andrej Nestrasil wins face-off versus Daniel O'regan in Comets zone.
19:51 of 2nd period - Off-side.
19:52 of 2nd period - Nathan Gerbe wins face-off versus Daniel O'regan in neutral zone.
19:55 of 2nd period - Wrist shot by Patrick Wey.
19:55 of 2nd period - Deflect By Dennis Everberg.
19:55 of 2nd period - Shot Blocked by Anton Cederholm.
19:55 of 2nd period - Puck is out of play.
19:56 of 2nd period - Dennis Everberg wins face-off versus Daniel O'regan in Little Stars zone.
19:57 of 2nd period - Wrist shot by Nathan Gerbe.
19:57 of 2nd period - Stopped by Connor Knapp with a rebound.
Goals for this period are 1 for Little Stars vs 0 for Comets.
Shots for this period are 8 for Little Stars vs 9 for Comets.
3rd period
0:01 of 3rd period - Daniel O'regan wins face-off versus Nathan Gerbe in neutral zone.
0:33 of 3rd period - Wrist shot by Sami Niku.
0:33 of 3rd period - Shot Blocked by Tyler Wotherspoon.
1:11 of 3rd period - Wrist shot by Ilya Mikheyev.
1:11 of 3rd period - Shot Misses the Net.
1:53 of 3rd period - Snap shot by Joshua Leivo.
1:53 of 3rd period - Stopped by Connor Knapp without a rebound.
1:54 of 3rd period - Jason Dickinson wins face-off versus Andrej Nestrasil in Little Stars zone.
2:19 of 3rd period - Oliver Kylington is hit by Zach Budish and loses puck.
2:24 of 3rd period - Wrist shot by Joakim Nygard.
2:24 of 3rd period - Shot Blocked by Nathan Gerbe.
2:38 of 3rd period - Snap shot by Jordan LaVallee.
2:38 of 3rd period - Shot Misses the Net.
2:52 of 3rd period - Wrist shot by Juho Lammikko.
2:52 of 3rd period - Shot Misses the Net.
3:01 of 3rd period - Icing by Reece Willcox.
3:02 of 3rd period - Roman Horak wins face-off versus Anton Zlobin in Little Stars zone.
3:29 of 3rd period - Snap shot by Tyler Graovac.
3:29 of 3rd period - Shot Misses the Net.
4:09 of 3rd period - Oliver Kylington is hit by Ville Pokka and loses puck.
5:00 of 3rd period - Icing by Oliver Kylington.
5:01 of 3rd period - Daniel O'regan wins face-off versus Andrej Nestrasil in Comets zone.
5:14 of 3rd period - Ilya Mikheyev is hit by Joshua Leivo and loses puck.
5:23 of 3rd period - Snap shot by Andrej Nestrasil.
5:23 of 3rd period - Shot Misses the Net.
5:25 of 3rd period - Snap shot by Sami Niku.
5:25 of 3rd period - Stopped by Connor Knapp with a rebound.
5:45 of 3rd period - Wrist shot by Joshua Leivo.
5:45 of 3rd period - Shot Blocked by Jordan LaVallee.
5:57 of 3rd period - Snap shot by Andrej Nestrasil.
5:57 of 3rd period - Stopped by Connor Knapp with a rebound.
6:07 of 3rd period - Snap shot by Joshua Leivo.
6:07 of 3rd period - Shot Misses the Net.
6:09 of 3rd period - Slapshot by Oliver Kylington.
6:09 of 3rd period - Shot Blocked by Ilya Mikheyev.
6:36 of 3rd period - Snap shot by Andrej Nestrasil.
6:36 of 3rd period - Stopped by Connor Knapp without a rebound.
6:37 of 3rd period - Nathan Gerbe wins face-off versus Henrik Borgstrom in Little Stars zone.
6:48 of 3rd period - Snap shot by Dennis Everberg.
6:48 of 3rd period - Stopped by Connor Knapp without a rebound.
6:49 of 3rd period - Henrik Borgstrom wins face-off versus Nathan Gerbe in Little Stars zone.
6:49 of 3rd period - Henrik Borgstrom is hit by Nathan Gerbe.
6:55 of 3rd period - Wrist shot by Tucker Poolman.
6:55 of 3rd period - Deflect By Joakim Nygard.
6:55 of 3rd period - Stopped by Alexandar Georgiev with a rebound.
6:57 of 3rd period - Snap shot by Henrik Borgstrom.
6:57 of 3rd period - Stopped by Alexandar Georgiev with a rebound.
6:59 of 3rd period - Wrist shot by Henrik Borgstrom.
6:59 of 3rd period - Shot Blocked by Taylor Beck.
7:01 of 3rd period - Slapshot by Reece Willcox.
7:01 of 3rd period - Shot Misses the Net.
7:03 of 3rd period - Wrist shot by Zach Budish.
7:03 of 3rd period - Stopped by Alexandar Georgiev with a rebound.
7:15 of 3rd period - Sebastian Wannstrom is hit by Axel Holmstrom and loses puck.
7:37 of 3rd period - Icing by Mackenzie MacEachern.
7:38 of 3rd period - Roman Horak wins face-off versus Axel Holmstrom in Comets zone.
7:39 of 3rd period - Wrist shot by Sebastian Wannstrom.
7:39 of 3rd period - Goal by Sebastian Wannstrom - Little Stars : 3 - Comets : 3.
7:40 of 3rd period - Dennis Everberg wins face-off versus Daniel O'regan in neutral zone.
7:47 of 3rd period - Snap shot by Nathan Gerbe.
7:47 of 3rd period - Shot Misses the Net.
7:49 of 3rd period - Wrist shot by Patrick Wey.
7:49 of 3rd period - Stopped by Connor Knapp without a rebound.
7:50 of 3rd period - Nathan Gerbe wins face-off versus Daniel O'regan in Little Stars zone.
8:19 of 3rd period - Snap shot by Daniel O'regan.
8:19 of 3rd period - Stopped by Alexandar Georgiev with a rebound.
8:41 of 3rd period - Wrist shot by Nathan Gerbe.
8:41 of 3rd period - Stopped by Connor Knapp with a rebound.
8:43 of 3rd period - Snap shot by Taylor Beck.
8:43 of 3rd period - Stopped by Connor Knapp with a rebound.
8:45 of 3rd period - Slapshot by Patrick Wey.
8:45 of 3rd period - Shot Hit the Post.
8:47 of 3rd period - Wrist shot by Patrick Wey.
8:47 of 3rd period - Deflect By Dennis Everberg.
8:47 of 3rd period - Goal by Dennis Everberg - Little Stars : 3 - Comets : 4.
8:48 of 3rd period - Henrik Borgstrom wins face-off versus Andrej Nestrasil in neutral zone.
8:57 of 3rd period - Snap shot by Joakim Nygard.
8:57 of 3rd period - Goal by Joakim Nygard - Little Stars : 4 - Comets : 4.
8:58 of 3rd period - Henrik Borgstrom wins face-off versus Dennis Everberg in neutral zone.
9:05 of 3rd period - Slapshot by Henrik Borgstrom.
9:05 of 3rd period - Shot Misses the Net.
9:07 of 3rd period - Slapshot by Anton Cederholm.
9:07 of 3rd period - Stopped by Alexandar Georgiev with a rebound.
9:09 of 3rd period - Wrist shot by Joakim Nygard.
9:09 of 3rd period - Shot Misses the Net.
9:11 of 3rd period - Snap shot by Zach Budish.
9:11 of 3rd period - Deflect By Henrik Borgstrom.
9:11 of 3rd period - Shot Misses the Net.
9:11 of 3rd period - Puck is out of play.
9:12 of 3rd period - Daniel O'regan wins face-off versus Nathan Gerbe in Comets zone.
9:16 of 3rd period - Minor Penalty to Juuso Riikola for Hooking.
9:17 of 3rd period - Taylor Beck wins face-off versus Daniel O'regan in Comets zone.
9:25 of 3rd period - Jordan LaVallee is hit by Dennis Everberg and loses puck.
9:52 of 3rd period - Wrist shot by Andrej Nestrasil.
9:52 of 3rd period - Deflect By Nathan Gerbe.
9:52 of 3rd period - Shot Blocked by Henrik Borgstrom.
9:52 of 3rd period - Puck is out of play.
9:53 of 3rd period - Taylor Beck wins face-off versus Henrik Borgstrom in Little Stars zone.
9:54 of 3rd period - Wrist shot by Dennis Everberg.
9:54 of 3rd period - Shot Hit the Post.
10:10 of 3rd period - Taylor Beck is hit by Reece Willcox.
10:26 of 3rd period - Wrist shot by Daniel O'regan.
10:26 of 3rd period - Goal by Daniel O'regan - Little Stars : 5 - Comets : 4.
10:27 of 3rd period - Daniel O'regan wins face-off versus Nathan Gerbe in neutral zone.
10:44 of 3rd period - Slapshot by Nathan Gerbe.
10:44 of 3rd period - Shot Blocked by Daniel O'regan.
11:20 of 3rd period - Wrist shot by Jason Dickinson.
11:20 of 3rd period - Shot Blocked by Mackenzie MacEachern.
11:26 of 3rd period - Slapshot by Tyler Wotherspoon.
11:26 of 3rd period - Shot Blocked by Oliver Kylington.
11:29 of 3rd period - Icing by Sami Niku.
11:30 of 3rd period - Axel Holmstrom wins face-off versus Daniel O'regan in Comets zone.
11:30 of 3rd period - Axel Holmstrom is hit by Ilya Mikheyev.
11:35 of 3rd period - Off-side.
11:36 of 3rd period - Nathan Gerbe wins face-off versus Ilya Mikheyev in neutral zone.
12:30 of 3rd period - Wrist shot by Sebastian Wannstrom.
12:30 of 3rd period - Shot Blocked by Sami Niku.
13:02 of 3rd period - Taylor Beck is hit by Henrik Borgstrom.
13:33 of 3rd period - Sebastian Wannstrom is hit by Kurtis Macdermid and loses puck.
13:56 of 3rd period - Wrist shot by Mackenzie MacEachern.
13:56 of 3rd period - Shot Blocked by Tyler Wotherspoon.
14:21 of 3rd period - Ville Pokka is hit by Nathan Gerbe and loses puck.
14:37 of 3rd period - Off-side.
14:38 of 3rd period - Tyler Graovac wins face-off versus Daniel O'regan in neutral zone.
14:53 of 3rd period - Snap shot by Kurtis Macdermid.
14:53 of 3rd period - Shot Blocked by Tucker Poolman.
15:13 of 3rd period - Wrist shot by Nathan Gerbe.
15:13 of 3rd period - Goal by Nathan Gerbe - Little Stars : 5 - Comets : 5.
15:14 of 3rd period - Axel Holmstrom wins face-off versus Jason Dickinson in neutral zone.
17:16 of 3rd period - Snap shot by Tyler Graovac.
17:16 of 3rd period - Stopped by Connor Knapp with a rebound.
17:18 of 3rd period - Slapshot by William Lagesson.
17:18 of 3rd period - Shot Misses the Net.
17:20 of 3rd period - Slapshot by Tyler Graovac.
17:20 of 3rd period - Shot Misses the Net.
17:28 of 3rd period - Snap shot by Tyler Graovac.
17:28 of 3rd period - Shot Blocked by Anton Cederholm.
17:42 of 3rd period - Snap shot by Jordan LaVallee.
17:42 of 3rd period - Stopped by Alexandar Georgiev with a rebound.
17:44 of 3rd period - Snap shot by Ilya Mikheyev.
17:44 of 3rd period - Shot Misses the Net.
17:46 of 3rd period - Slapshot by Anton Cederholm.
17:46 of 3rd period - Shot Misses the Net.
18:00 of 3rd period - Henrik Borgstrom is hit by Taylor Beck and loses puck.
18:05 of 3rd period - Slapshot by Nathan Gerbe.
18:05 of 3rd period - Stopped by Connor Knapp with a rebound.
18:25 of 3rd period - Jordan LaVallee is hit by Mackenzie MacEachern and loses puck.
18:40 of 3rd period - Tyler Wotherspoon is hit by Kurtis Macdermid.
19:10 of 3rd period - William Lagesson is hit by Ville Pokka and loses puck.
19:21 of 3rd period - Jordan Gross is hit by Sebastian Wannstrom and loses puck.
19:36 of 3rd period - Ville Pokka is hit by Juuso Riikola and loses puck.
Goals for this period are 3 for Little Stars vs 2 for Comets.
Shots for this period are 9 for Little Stars vs 12 for Comets.
Overtime #1
0:01 of 1st overtime period - Jordan LaVallee wins face-off versus Taylor Beck in neutral zone.
0:04 of 1st overtime period - Slapshot by Anton Cederholm.
0:04 of 1st overtime period - Stopped by Alexandar Georgiev with a rebound.
0:40 of 1st overtime period - Wrist shot by Joakim Nygard.
0:40 of 1st overtime period - Shot Misses the Net.
0:42 of 1st overtime period - Slapshot by Joakim Nygard.
0:42 of 1st overtime period - Deflect By Daniel O'regan.
0:42 of 1st overtime period - Stopped by Alexandar Georgiev without a rebound.
0:43 of 1st overtime period - Joakim Nygard wins face-off versus Anton Karlsson in Comets zone.
0:48 of 1st overtime period - Slapshot by Joakim Nygard.
0:48 of 1st overtime period - Stopped by Alexandar Georgiev with a rebound.
0:50 of 1st overtime period - Snap shot by Daniel O'regan.
0:50 of 1st overtime period - Shot Misses the Net.
0:52 of 1st overtime period - Snap shot by Joakim Nygard.
0:52 of 1st overtime period - Shot Misses the Net.
0:54 of 1st overtime period - Slapshot by Reece Willcox.
0:54 of 1st overtime period - Shot Misses the Net.
0:56 of 1st overtime period - Wrist shot by Daniel O'regan.
0:56 of 1st overtime period - Stopped by Alexandar Georgiev with a rebound.
0:58 of 1st overtime period - Slapshot by Joakim Nygard.
0:58 of 1st overtime period - Goal by Joakim Nygard - Little Stars : 6 - Comets : 5.
Goals for this period are 1 for Little Stars vs 0 for Comets.
Shots for this period are 5 for Little Stars vs 0 for Comets.